 Dungeon Crawl Stone Soup version 0.26-a0-598-g61e6210 (webtiles) character file.

Game seed: 3499186586660764659

248039 Brendawg the Tortoise (level 18, -13/160 HPs)
             Began as a Minotaur Berserker on Aug 21, 2020.
             Was a High Priest of Trog.
             Mangled by a storm dragon simulacrum (16 damage)
             ... on level 1 of the Vaults on Aug 27, 2020.
             The game lasted 06:09:15 (48280 turns).

Brendawg the Tortoise (Minotaur Berserker)         Turns: 48280, Time: 06:09:16

Health: -13/160    AC: 37    Str: 33      XL:     18   Next: 84%
Magic:  17/17      EV: 21    Int:  1 (4)  God:    Trog [*****.]
Gold:   2345       SH:  8    Dex: 17      Spells: 17/17 levels left

rFire    . . .     SeeInvis .   n - +5 war axe of Xiere {vamp, MR+}
rCold    . . .     Faith    .   S - +0 buckler {reflect}
rNeg     . . .     Spirit   .   T - +6 plate armour "Kaov" {Regen+}
rPois    .         Reflect  +   j - +2 hat
rElec    .         Harm     .   N - +0 cloak
rCorr    +                      g - +0 pair of gloves
MR       ++...                  a - +1 pair of boots "Sorene" {rCorr Str+4}
Stlth    ..........             Y - amulet of regeneration
HPRegen  1.16/turn              B - +4 ring of protection
MPRegen  0.15/turn              X - +6 ring of dexterity

@: slowed, lost intelligence, very slow
A: retaliatory headbutt, horns 2
}: 2/15 runes: decaying, gossamer
a: Berserk, Trog's Hand, Brothers in Arms, Renounce Religion


You were on level 1 of the Vaults.
You worshipped Trog.
Trog was extremely pleased with you.
You visited 6 branches of the dungeon, and saw 32 of its levels.

You collected 3629 gold pieces.
You spent 1284 gold pieces at shops.

Inventory:

Hand Weapons
 n - the +5 war axe of Xiere (weapon) {vamp, MR+}
   (You found it on level 4 of the Swamp)

   It inflicts no extra harm, but heals its wielder when it wounds a living foe.
   It affects your resistance to hostile enchantments.
 C - a +6 war axe
Missiles
 f - 50 poisoned darts (quivered)
 K - 5 boomerangs
Armour
 a - the +1 pair of boots "Sorene" (worn) {rCorr Str+4}
   (You bought it in a shop on level 6 of the Dungeon)

   It affects your strength (+4).
   It provides partial protection from all sources of acid and corrosion.
 g - a +0 pair of gloves (worn)
 j - a +2 hat (worn)
 k - +0 swamp dragon scales
 u - a +0 kite shield
 F - a +2 crystal plate armour
 N - a +0 cloak (worn)
 S - a +0 buckler of reflection (worn)
 T - the +6 plate armour "Kaov" (worn) {Regen+}
   (You found it on level 12 of the Dungeon)

   It increases your rate of regeneration.
Jewellery
 d - an uncursed ring of stealth
 y - an uncursed amulet of reflection {unknown}
 B - a +4 ring of protection (left hand)
 I - the ring "Weweots" {rF+ rN+ Slay+3, unknown}
   (You found it on level 1 of the Spider Nest)

   [ring of positive energy]

   It affects your accuracy and damage with ranged weapons and melee attacks
   (+3).
   It protects you from fire.
   It protects you from negative energy.
 Q - an uncursed ring of flight
 X - a +6 ring of dexterity (right hand)
 Y - an amulet of regeneration (around neck)
Wands
 o - a wand of iceblast (21)
 w - a wand of disintegration (39)
 x - a wand of flame (37)
 E - a wand of paralysis (8)
 V - a wand of acid (13)
Scrolls
 e - 2 scrolls of fear
 m - 11 scrolls of remove curse
 p - 7 scrolls of fog
 q - a scroll of identify
 r - 16 scrolls of teleportation
 s - 13 scrolls of enchant armour
 v - a scroll of brand weapon {unknown}
 H - 6 scrolls of magic mapping
 M - 3 scrolls of enchant weapon {unknown}
 O - a scroll of acquirement
 P - 2 scrolls of holy word {unknown}
 Z - 2 scrolls of summoning {unknown}
Potions
 b - a potion of invisibility
 c - 2 potions of stabbing {unknown}
 h - 3 potions of curing
 i - 3 potions of ambrosia
 l - a potion of haste
 z - 6 potions of lignification {unknown}
 A - 5 potions of might
 D - 2 potions of berserk rage {unknown}
 G - 3 potions of mutation {unknown}
 J - 2 potions of cancellation
 L - 3 potions of flight {unknown}
 R - 8 potions of brilliance {unknown}
 U - 5 potions of resistance {unknown}


   Skills:
 - Level 14.2 Fighting
 - Level 18.0 Axes
 - Level 5.0 Throwing
 + Level 19.4 Armour
 + Level 18.0 Dodging
 * Level 16.2 Shields
 - Level 5.0 Evocations


You had 17 spell levels left.
You didn't know any spells.
Your spell library was empty.

Dungeon Overview and Level Annotations

Branches:
Dungeon (15/15)            Temple (0/1) D:7            Lair (6/6) D:11
  Swamp (4/4) Lair:3       Spider (4/4) Lair:3        Slime (0/5) Lair:5
    Orc (2/2) D:9             Elf (0/3) Orc:2        Vaults (1/5) D:14
 Depths (0/5) D:15

Altars:
Cheibriados
Dithmenos
Elyvilon
Fedhas
Gozag
Hepliaklqana
Nemelex Xobeh
Ru
Vehumet
Xom
The Shining One
Beogh

Shops:
D:6 [   D:10 *   Orc:2 **[:(

Annotations:
D:13 1 transporter, 1 runed translucent door, Zimashi's ghost, journeyman OpIE
Lair:4 exclusion: oklob plant


Innate Abilities, Weirdness & Mutations

You reflexively headbutt those who attack you in melee.
You have a pair of horns on your head.


Message History

The storm dragon simulacrum freezes you!!
* * * LOW HITPOINT WARNING * * *
You block the storm dragon simulacrum's attack.
The storm dragon simulacrum misses you.
You almost manage to decipher the scroll, but fail in this attempt.
The storm dragon simulacrum bites you but does no damage.
The storm dragon simulacrum barely misses you. x2
Okay, then.
Press: ? - help, v - describe, . - travel
Here: a storm dragon simulacrum (almost destroyed, strong)
The floor, spattered with blood.
You feel better.
The storm dragon simulacrum bites you but does no damage.
You block the storm dragon simulacrum's attack.
The storm dragon simulacrum misses you.
The storm dragon simulacrum completely misses you.
The storm dragon simulacrum claws you!
* * * LOW HITPOINT WARNING * * *
The storm dragon simulacrum freezes you!
You die...

#..#.##.'......# #....
####....#......# #....
######......# #.(.. #......#
#....
###############+#############'#(#
........#...............(.....((
#.....#...(...................
#.....#......)).[.............
#.#...#.....)@Z............... #
#[..#.(.(..)................
###.#)(...##################
#..)+))..(# ###.#)....#
..((c#.....# ##.c.#.....#
.....#.....# #cc...#.....#


You could see a storm dragon simulacrum (strong).

Vanquished Creatures
  Arachne (Spider:2)
  Asterion (Spider:4)
  Roxanne (Swamp:1)
  5 ghost moths
  An orc warlord (Orc:2)
  A vault warden (Vaults:1)
  Louise (Swamp:3)
  7 emperor scorpions
  3 ironheart preservers
  3 very ugly things (Vaults:1)
  2 green draconians (Swamp:2)
  An entropy weaver (Spider:2)
  A spark wasp (Spider:4)
  An ettin (Orc:1)
  Snorg (D:11)
  The ghost of Doemmio the Arsonist, a journeyman DgFE (Spider:1)
  Josephine (Orc:2)
  4 fire dragons
  2 yaktaur captains
  A great orb of eyes (Vaults:1)
  27 hydras
  3 rakshasas (Vaults:1)
  A shambling mangrove (Swamp:2)
  A ghost crab (Swamp:1)
  2 catoblepae (Lair:6)
  11 centaur warriors
  A death knight (D:15)
  9 two-headed ogres
  2 ogre magi
  The ghost of Ranzir the Blocker, a novice GnFi of Okawaru (D:7)
  12 alligators
  2 tengu warriors (D:15)
  Urug (D:12)
  3 orc high priests
  A fire crab (shapeshifter) (Vaults:1)
  3 fire crabs
  8 skeletal warriors (D:15)
  2 wizards
  12 swamp dragons
  A spriggan druid (Swamp:2)
  3 unseen horrors
  A wolf spider zombie (D:14)
  A lindwurm (Swamp:4)
  3 ironbrand convokers (Vaults:1)
  21 orb spiders
  A harpy (Vaults:1)
  5 orc knights
  6 orc sorcerers
  2 deep elf magi
  A salamander (shapeshifter) (D:15)
  25 wolf spiders
  3 cyclopes
  2 manticores
  2 moths of wrath
  7 ugly things
  14 elephants
  2 vault sentinels (Vaults:1)
  5 black mambas
  2 torpor snails (Lair:3)
  A gargoyle (D:15)
  21 cane toads
  2 rime drakes
  A kobold demonologist (D:13)
  12 demonic crawlers
  16 yaktaurs
  2 efreet
  9 komodo dragons
  2 freezing wraiths (Vaults:1)
  An entropy weaver simulacrum (Vaults:1)
  34 jumping spiders
  3 meliai (D:15)
  4 trolls
  12 polar bears
  17 hornets
  Prince Ribbit (D:5)
  8 hippogriffs
  17 tyrant leeches
  42 slime creatures
  7 blink frogs
  12 bog bodies
  2 raiju (Lair:6)
  3 spriggans
  6 shadows
  2 water elementals (D:15)
  54 yaks
  53 redbacks
  17 tarantellas
  A wyvern (D:14)
  4 wraiths
  6 basilisks
  4 steam dragons
  9 wargs
  15 vampire mosquitoes
  13 swamp worms
  13 insubstantial wisps
  A soldier ant (D:14)
  14 water moccasins
  5 acid dragons
  13 hell hounds (Lair:6)
  7 porcupines
  31 orc warriors
  11 black bears (Lair:6)
  15 swamp drakes
  5 phantoms
  4 sky beasts
  4 ice beasts
  18 ogres
  24 wolves
  3 boggarts (D:14)
  3 necrophages
  17 centaurs
  20 crocodiles
  3 big kobolds
  28 bullfrogs
  A wyvern zombie (D:8)
  A water moccasin zombie (D:12)
  A wyvern skeleton (D:14)
  5 scorpions
  17 killer bees
  23 wights
  7 electric eels
  3 howler monkeys
  3 crimson imps (D:5)
  A lava snake (D:9)
  5 centaur zombies
  5 jellies
  6 hounds
  36 orc priests
  3 bullfrog skeletons
  A gnoll shaman (D:3)
  38 orc wizards
  12 centaur skeletons
  8 iguanas
  14 worker ants
  A hound skeleton (D:7)
  A worker ant zombie (D:10)
  16 adders
  9 gnolls
  A shadow imp (D:8)
  2 white imps
  An ufetubus (D:10)
  An adder skeleton (D:4)
  4 worms
  6 leopard geckos
  113 orcs
  10 bats
  3 giant cockroaches
  7 goblins
  7 hobgoblins
  2 jackals (D:11)
  8 quokkas
  10 ball pythons (D:4)
  3 frilled lizards
  A jackal skeleton (D:3)
  A jackal zombie (D:5)
  13 kobolds
  7 rats
  4 bushes
1321 creatures vanquished.

Vanquished Creatures (collateral kills)
  A ghost moth (Spider:4)
  An entropy weaver (Spider:4)
  3 wolf spiders
  A moth of wrath (Spider:4)
  A jumping spider (Spider:4)
  7 redbacks
14 creatures vanquished.

Vanquished Creatures (others)
  An entropy weaver (Spider:4)
  A wolf spider (Spider:4)
  3 steam dragons (Swamp:4)
  3 swamp drakes (Swamp:4)
  A jelly (D:12)
  An orc wizard (D:6)
  An orc (D:9)
  A bush (Lair:6)
  47 fungi
  136 plants
195 creatures vanquished.

Grand Total: 1530 creatures vanquished

Notes
Turn   | Place    | Note
-------+----------+-------------------------------------------
     0 | D:1      | Brendawg the Minotaur Berserker began the quest for the
                  | Orb.
     0 | D:1      | Reached XP level 1. HP: 19/19 MP: 0/0
   145 | D:1      | Reached XP level 2. HP: 27/27 MP: 1/1
  1696 | D:2      | Reached XP level 3. HP: 33/33 MP: 2/2
  1785 | D:2      | Reached skill level 3 in Armour
  1788 | D:2      | Reached ** piety under Trog
  2218 | D:3      | Reached XP level 4. HP: 32/40 MP: 3/3
  2299 | D:3      | Reached skill level 5 in Axes
  2333 | D:3      | Reached XP level 5. HP: 43/47 MP: 4/4
  2743 | D:3      | Found an opulent altar of Gozag.
  2743 | D:3      | Found a white marble altar of Elyvilon.
  3291 | D:4      | Reached *** piety under Trog
  3330 | D:4      | Reached skill level 4 in Armour
  3335 | D:4      | Reached XP level 6. HP: 49/55 MP: 5/5
  3382 | D:4      | Reached skill level 5 in Fighting
  3826 | D:4      | Reached XP level 7. HP: 46/61 MP: 6/6
  4479 | D:4      | Upgraded the game from 0.26-a0-574-gf2b0f13 to
                  | 0.26-a0-580-g4860111
  4509 | D:4      | Reached skill level 5 in Armour
  5215 | D:4      | Found a hazy altar of Hepliaklqana.
  5584 | D:5      | Entered Level 5 of the Dungeon
  5630 | D:5      | Found a shimmering altar of Xom.
  5731 | D:5      | Reached XP level 8. HP: 68/70 MP: 7/7
  5831 | D:5      | Reached skill level 5 in Dodging
  5850 | D:5      | Noticed Prince Ribbit
  5858 | D:5      | Killed Prince Ribbit
  5996 | D:5      | Found a blossoming altar of Fedhas.
  5996 | D:5      | Found a sparkling altar of Nemelex Xobeh.
  6043 | D:5      | Reached skill level 6 in Armour
  6700 | D:6      | Found Qant's Antique Armour Boutique.
  6709 | D:6      | Reached **** piety under Trog
  6813 | D:6      | Bought a pair of twisted boots for 266 gold pieces
  6823 | D:6      | Identified the +1 pair of boots "Sorene" {rCorr Str+4} (You
                  | bought it in a shop on level 6 of the Dungeon)
  7852 | D:7      | Found a sacrificial altar of Ru.
  7852 | D:7      | Found a faded altar of an unknown god.
  7857 | D:7      | Found a glowing golden altar of the Shining One.
  7859 | D:7      | Found a shadowy altar of Dithmenos.
  7861 | D:7      | Found a snail-covered altar of Cheibriados.
  7913 | D:7      | Reached XP level 9. HP: 79/79 MP: 8/8
  8215 | D:7      | Found a staircase to the Ecumenical Temple.
  8300 | D:7      | Reached skill level 7 in Armour
  8303 | D:7      | Noticed a red ugly thing
  8329 | D:7      | Killed a red ugly thing
  8329 | D:7      | Reached skill level 10 in Axes
  8878 | D:7      | Reached skill level 1 in Evocations
  9024 | D:7      | Found a runed translucent door.
  9035 | D:7      | Noticed Ranzir's ghost (novice GnFi)
  9054 | D:7      | Killed Ranzir's ghost
  9054 | D:7      | Reached skill level 8 in Armour
  9054 | D:7      | Reached XP level 10. HP: 76/90 MP: 9/9
  9786 | D:8      | Got a black opal-encrusted leather armour
  9787 | D:8      | Identified the +3 leather armour of Rationality {MR+ Int+2}
                  | (You found it on level 8 of the Dungeon)
  9823 | D:8      | Got a dazzling glaive
  9824 | D:8      | Identified the +7 glaive of Posuitt {freeze, MP+9 Int+4}
                  | (You found it on level 8 of the Dungeon)
 10899 | D:9      | Reached ***** piety under Trog
 11392 | D:9      | Reached skill level 9 in Armour
 11737 | D:9      | Found a staircase to the Orcish Mines.
 11899 | D:10     | Entered Level 10 of the Dungeon
 12306 | D:10     | Found a white marble altar of Elyvilon.
 12312 | D:10     | Found Ceocel's Hallowed Reliquary.
 12314 | D:10     | Noticed an angel
 12322 | D:10     | Bought a potion of heal wounds for 70 gold pieces
 12322 | D:10     | Bought a potion of heal wounds for 70 gold pieces
 12620 | D:10     | Reached XP level 11. HP: 83/97 MP: 10/10
 13402 | D:11     | Noticed Snorg
 13417 | D:11     | Killed Snorg
 13820 | D:11     | Found a staircase to the Lair.
 13828 | D:11     | Reached skill level 10 in Fighting
 14058 | D:11     | Noticed an eight-headed hydra
 14079 | D:11     | Received a gift from Trog
 14089 | D:11     | Killed a 17-headed hydra
 14771 | D:11     | Reached skill level 10 in Armour
 15395 | Lair:1   | Entered Level 1 of the Lair of Beasts
 15403 | Lair:1   | Reached skill level 5 in Evocations
 16223 | Lair:2   | You fall into a shaft and drop 2 floors!
 16250 | Lair:4   | Reached XP level 12. HP: 108/108 MP: 11/11
 17931 | Lair:4   | Reached skill level 10 in Dodging
 18035 | Lair:3   | Found a staircase to the Swamp.
 18087 | Lair:3   | Reached skill level 11 in Armour
 18183 | Lair:3   | Reached skill level 15 in Axes
 18762 | Lair:3   | Found a hole to the Spider Nest.
 19004 | Lair:3   | Noticed a four-headed hydra
 19026 | Lair:3   | Killed a seven-headed hydra
 19411 | Lair:2   | Reached XP level 13. HP: 117/117 MP: 12/12
 19968 | Lair:2   | Received a gift from Trog
 20889 | Lair:5   | Found a staircase to the Slime Pits.
 21382 | Lair:6   | Entered Level 6 of the Lair of Beasts
 21445 | Lair:6   | Reached skill level 12 in Armour
 22363 | Lair:6   | Reached ****** piety under Trog
 22464 | Lair:6   | Got a translucent ring mail
 22491 | Lair:6   | Reached XP level 14. HP: 120/129 MP: 13/13
 22828 | Lair:6   | Reached skill level 13 in Armour
 23257 | Lair:6   | Received a gift from Trog
 23262 | Lair:6   | Got a fine battleaxe {god gift}
 23771 | Lair:6   | Upgraded the game from 0.26-a0-580-g4860111 to
                  | 0.26-a0-591-g04f19ec
 24268 | D:12     | Got a bloodstained plate armour
 24455 | D:12     | Found a frozen archway.
 24491 | D:12     | Noticed Urug
 24537 | D:12     | Killed Urug
 24931 | D:12     | Received a gift from Trog
 24964 | D:12     | Found a radiant altar of Vehumet.
 26137 | D:13     | Identified the +7 great mace "Efeyr" {flame, rC+ rN++}
 26137 | D:13     | Noticed a fire giant
 26230 | D:13     | Reached skill level 14 in Armour
 26511 | D:13     | Found a transporter.
 26511 | D:13     | Noticed Zimashi's ghost (journeyman OpIE)
 26775 | D:13     | Found a runed translucent door.
 26781 | D:13     | Received a gift from Trog
 26782 | D:13     | Noticed a fire giant
 27196 | D:14     | Found a blossoming altar of Fedhas.
 27535 | D:14     | Reached skill level 1 in Throwing
 27580 | D:14     | Noticed an ironheart preserver
 27581 | D:14     | Found a gate to the Vaults.
 27599 | D:14     | Reached skill level 1 in Shields
 27603 | D:14     | Killed an ironheart preserver
 27615 | D:14     | Reached XP level 15. HP: 113/138 MP: 14/14
 28294 | Orc:1    | Entered Level 1 of the Orcish Mines
 28441 | D:9      | Identified 2 scrolls of acquirement
 28441 | D:9      | Acquired a +2 crystal plate armour
 28702 | Orc:1    | Upgraded the game from 0.26-a0-591-g04f19ec to
                  | 0.26-a0-597-gb535b09
 28711 | Orc:2    | Entered Level 2 of the Orcish Mines
 28871 | Orc:2    | Found Juwosk's Assorted Antiques.
 28931 | Orc:1    | Received a gift from Trog
 29719 | Orc:2    | Noticed Josephine
 29833 | Orc:1    | You fall into a shaft and drop 1 floor!
 29888 | Orc:2    | Found a staircase to the Elven Halls.
 29941 | Orc:2    | Killed Josephine
 30148 | Orc:2    | Found a roughly hewn altar of Beogh.
 30157 | Orc:2    | Noticed an orc warlord
 30176 | Orc:2    | Killed an orc warlord
 30425 | Orc:2    | Found Aguqics's General Store.
 30427 | Orc:2    | Found Noushe's Book Emporium.
 30572 | Orc:2    | Found Ysecas's Antique Weapon Emporium.
 30650 | Orc:2    | Found Ipsuol's Antique Armour Emporium.
 31023 | Orc:2    | Bought a scroll of remove curse for 42 gold pieces
 31023 | Orc:2    | Bought a potion of heal wounds for 70 gold pieces
 31023 | Orc:2    | Bought a potion of curing for 42 gold pieces
 31023 | Orc:2    | Bought a potion of cancellation for 112 gold pieces
 31044 | Orc:2    | Bought a scroll of blinking for 255 gold pieces
 31044 | Orc:2    | Bought a scroll of remove curse for 102 gold pieces
 31044 | Orc:2    | Bought a glowing buckler for 255 gold pieces
 31134 | Orc:1    | Found a roughly hewn altar of Beogh.
 31140 | Orc:1    | Reached skill level 5 in Shields
 31449 | D:15     | Entered Level 15 of the Dungeon
 31474 | D:15     | Received a gift from Trog
 31803 | D:15     | Reached skill level 15 in Armour
 31876 | D:15     | Reached skill level 5 in Throwing
 32372 | D:15     | Found a white marble altar of Elyvilon.
 33269 | D:15     | Paralysed by an orc sorcerer for 2 turns
 33421 | D:15     | Found a staircase to the Depths.
 33713 | Swamp:1  | Entered Level 1 of the Swamp
 33730 | Swamp:1  | Received a gift from Trog
 33735 | Swamp:1  | Reached XP level 16. HP: 126/146 MP: 15/15
 33741 | Swamp:1  | Identified Roxanne's Incunabulum of Shape Shifting
 33741 | Swamp:1  | Noticed Roxanne
 33855 | Swamp:1  | Killed Roxanne
 34174 | Swamp:1  | Reached skill level 16 in Armour
 34579 | Swamp:1  | Reached skill level 15 in Dodging
 35164 | Swamp:1  | Received a gift from Trog
 36357 | Swamp:2  | Reached skill level 10 in Shields
 36448 | Swamp:2  | Identified the +6 plate armour "Kaov" {Regen+} (You found
                  | it on level 12 of the Dungeon)
 37524 | Swamp:3  | Noticed Louise
 37552 | Swamp:3  | Killed Louise
 38033 | Swamp:3  | Reached skill level 17 in Armour
 38476 | Swamp:4  | Entered Level 4 of the Swamp
 38503 | Swamp:4  | Received a gift from Trog
 39125 | Swamp:4  | Reached XP level 17. HP: 137/152 MP: 16/16
 39375 | Swamp:4  | Got an ancient war axe
 39795 | Swamp:4  | Identified the +5 war axe of Xiere {vamp, MR+} (You found
                  | it on level 4 of the Swamp)
 39950 | Swamp:4  | Got a decaying rune of Zot
 40378 | Spider:1 | Entered Level 1 of the Spider Nest
 40871 | Spider:1 | Received a gift from Trog
 41103 | Spider:1 | Found a runed translucent door.
 41104 | Spider:1 | Noticed Doemmio's ghost (journeyman DgFE)
 41133 | Spider:1 | Killed Doemmio's ghost
 41137 | Spider:1 | Reached skill level 18 in Armour
 41149 | Spider:1 | Got a wavering copper ring
 41995 | Spider:2 | Noticed Arachne
 42885 | Spider:2 | Killed Arachne
 43897 | Spider:4 | Entered Level 4 of the Spider Nest
 43924 | Spider:4 | Received a gift from Trog
 43998 | Spider:4 | Noticed Asterion
 44008 | Spider:4 | Killed Asterion
 44179 | Spider:4 | Reached XP level 18. HP: 160/160 MP: 17/17
 45019 | Spider:4 | Received a gift from Trog
 45410 | Spider:4 | Lost intelligence.
 45472 | Spider:4 | Got a gossamer rune of Zot
 45533 | Spider:4 | Reached skill level 15 in Shields
 45534 | Spider:4 | Reached skill level 19 in Armour
 46377 | Vaults:1 | Entered Level 1 of the Vaults
 46404 | Vaults:1 | Paralysed by a hornet for 2 turns
 47397 | Vaults:1 | Upgraded the game from 0.26-a0-597-gb535b09 to
                  | 0.26-a0-598-g61e6210
 48157 | Vaults:1 | Paralysed by a great orb of eyes for 5 turns
 48278 | Vaults:1 | HP: 1/160 [storm dragon simulacrum (19)]
 48280 | Vaults:1 | Mangled by a storm dragon simulacrum

Illustrated notes

Levels and vault maps discovered:
D:1:      dpeg_arrival_long_road, layout_basic, chequers_hall_statues_y,
          minmay_vboxes
D:2:      layout_basic
D:3:      layout_basic, gammafunk_temple_overflow_wave
D:4:      layout_loops_ring, lemuel_round_altar, minmay_snake_closets
D:5:      layout_rooms, led_xom_imps, gammafunk_temple_overflow_statue,
          uniq_prince_ribbit1
D:6:      layout_basic, serial_shops, shop_statue, patterned_corridor
D:7:      layout_loops_ring, chequers_temple_overflow_minitemple,
          minmay_temple_entry_overgrown, ebering_ghost_reflecting_pool,
          minmay_manual_monstrance
D:8:      layout_rooms
D:9:      layout_rooms, erik_orc_2, kennysheep_path_1
D:10:     layout_basic, kennysheep_small_spiral, kennysheep_crisscross,
          nicolae_good_shop
D:11:     layout_cave_pools, minmay_lair_entry_grove, grunt_ministairs_1,
          uniq_snorg
D:12:     layout_roguey, portal_ice_cave_entry_pillars_2,
          kennysheep_small_circle, uniq_urug
D:13:     layout_cave_pools, gammafunk_ghost_smash, kennysheep_treasure_room
D:14:     layout_roguey, skrybe_vaults_entry_preservation, fedhas_altar_3,
          gauntlet_entry_generic, kennysheep_generic_room_7
D:15:     grunt_enter_depths_snipers, layout_grid_maze, hex_tiny, minivault_14,
          serial_bayou_pond_e, elyvilon_altar_5
Lair:1:   layout_chaotic_city, lemuel_old_faithful
Lair:2:   beast_lair_carwin_large_2, layout_long_grid, enter_volcano_4
Lair:3:   minmay_lair_venomous_thicket, layout_long_grid, swamp_mist_pool,
          spider_nest_entry_rubble, grunt_megastairs_3
Lair:4:   layout_gridlike, lemuel_fruit_fields, serial_bayou_shore_a
Lair:5:   layout_long_grid, slime_dummy
Lair:6:   guppyfry_lair_end_dragon, layout_regular_city,
          hangedman_lair_caniforms_friends, serial_bayou_shore_b
Swamp:1:  layout_basic_swamp, nicolae_swamp_trees_clearing, st_swamp_mini,
          uniq_roxanne
Swamp:2:  layout_basic_swamp, serial_swamp_ruin, evilmike_swamp_ruin_house_6,
          evilmike_swamp_ruin_house_5, evilmike_swamp_ruin_rubble_1,
          swamp_pool5, hangedman_swamp_dais
Swamp:3:  layout_basic_swamp, hangedman_swamp_blocks, uniq_louise
Swamp:4:  swamp_fiery, layout_basic_swamp
Spider:1: layout_spider_delve, ebering_ghost_inner_flame
Spider:2: layout_chambers, uniq_arachne
Spider:3: layout_spider_delve, drop_trap
Spider:4: guppyfry_spider_rune, uniq_asterion
Orc:1:    layout_diamond_mine, kennysheep_orc_chapel
Orc:2:    grunt_orc_cross, layout_caves, serial_shops, shop, minmay_orc_keep,
          uniq_josephine
Vaults:1: gammafunk_vaults_ghost_grave, nicolae_vaults_little_squares_2,
          nicolae_vaults_little_squares_5, st_cells,
          nicolae_vaults_circle_grid_b, dpeg_vaults_monster_row,
          nicolae_vaults_little_squares_4, vaults_standard_mumra_x,
          nicolae_vaults_network_star, ontoclasm_vaults_gateway,
          ontoclasm_vaults_loading_screen, nicolae_vaults_little_ls,
          vaults_dpeg_spiral, layout_vaults_ring

Skill      XL: |  1  2  3  4  5  6  7  8  9 10 11 12 13 14 15 16 17 18 |
---------------+-------------------------------------------------------+-----
Axes           | 4 5 6 7 9 11 12 14 15 17 18 | 18.0
Fighting       | 4 5 6 7 8 9 10 11 13 14 | 14.2
Armour         | 3 4 5 6 8 9 10 11 12 14 15 17 18 19 | 19.4
Dodging        | 3 4 6 7 8 9 10 11 13 14 16 17 18 | 18.0
Evocations     | 1 3 5 |  5.0
Throwing       | 2 5 |  5.0
Shields        | 2 7 11 13 16 | 16.2

Action                   |  1- 3 |  4- 6 |  7- 9 | 10-12 | 13-15 | 16-18 || total
-------------------------+-------+-------+-------+-------+-------+-------++-------
Melee: Hand axe          |    83 |   129 |   131 |       |       |       ||   343
       Headbutt          |    12 |    13 |    58 |   164 |   286 |   479 ||  1012
       War axe           |       |       |   144 |   623 |    21 |  1316 ||  2104
       Battleaxe         |       |       |    28 |       |       |       ||    28
       Broad axe         |       |       |       |       |  1114 |   109 ||  1223
Throw: Stone             |    42 |    80 |    92 |    81 |       |       ||   295
       Boomerang         |       |       |       |    51 |   171 |   111 ||   333
       Dart              |       |       |       |    58 |   166 |   238 ||   462
Invok: Berserk           |     1 |     2 |     1 |     4 |    16 |    17 ||    41
       Trog's Hand       |       |       |     1 |     1 |     2 |     1 ||     5
       Brothers in Arms  |       |       |       |       |       |     3 ||     3
Evoke: Wand              |       |       |     2 |       |     3 |    19 ||    24
  Use: Potion            |     2 |     1 |     2 |     4 |     1 |    29 ||    39
       Scroll            |     1 |     1 |     6 |     7 |    19 |    20 ||    54
 Stab: Paralysed         |       |       |       |       |       |     5 ||     5
Armor: Animal skin       |    11 |       |       |       |       |       ||    11
       Leather armour    |     2 |       |       |       |       |       ||     2
       Scale mail        |    10 |    55 |     1 |       |       |       ||    66
       Chain mail        |       |       |   145 |   385 |   140 |       ||   670
       Plate armour      |       |       |       |       |   525 |  1132 ||  1657
       Skin              |       |       |       |       |     3 |       ||     3
       Crystal plate arm |       |       |       |       |   316 |   309 ||   625
Dodge: Dodged            |    43 |    70 |   112 |   375 |   790 |  1763 ||  3153
Block: Buckler           |       |       |       |       |   105 |   757 ||   862
       Reflection        |       |       |       |       |    10 |    20 ||    30

Table legend: (Time is in decaauts)
 A = Elapsed time spent in this place.
 B = Non-inter-level travel time spent in this place.
 C = Inter-level travel time spent in this place.
 D = Time resting spent in this place.
 E = Time spent auto-exploring this place.
 F = Levels seen in this place.
 G = Mean time per level.
                   A        B        C        D        E       F      G
               +--------+--------+--------+--------+--------+-----+--------+
         Total |  49756 |  47797 |   1959 |  15309 |   9408 |  32 | 1554.9 |
       Dungeon |  22265 |  21416 |    849 |   6503 |   3640 |  15 | 1484.3 |
          Lair |   9282 |   8700 |    582 |   2696 |   2786 |   6 | 1547.0 |
         Swamp |   6829 |   6573 |    256 |   1636 |   1452 |   4 | 1707.2 |
   Spider Nest |   5790 |   5584 |    206 |   1621 |    979 |   4 | 1447.5 |
  Orcish Mines |   2881 |   2817 |     64 |    844 |    550 |   2 | 1440.5 |
        Vaults |   2707 |   2707 |      0 |   2007 |      0 |   1 | 2707.0 |
               +--------+--------+--------+--------+--------+-----+--------+

Top non-repeatable levels by time:
Vaults:1: 2707 daAuts
Spider:4: 2519 daAuts
     D:4: 2352 daAuts
  Lair:6: 2299 daAuts
 Swamp:2: 2281 daAuts
    D:10: 2149 daAuts
    D:15: 2115 daAuts
  Lair:3: 2013 daAuts
     D:9: 1927 daAuts
     D:7: 1898 daAuts
  Lair:4: 1703 daAuts
Spider:2: 1682 daAuts
 Swamp:4: 1633 daAuts
    D:12: 1604 daAuts
 Swamp:1: 1596 daAuts
